| TOP OF THE 1ST |
|
California Angels batting - Pitching for Chicago White Sox : RHP Pete Vuckovich
|
|
Pitching: RHP Pete Vuckovich
|
|
|
Batting: RHB Frank White
|
0-0: Called Strike 0-1: Swinging Strike 0-2: Foul Ball, location: 2F 0-2: Ball 1-2: SINGLE (Line Drive, 9S, EV 106.9 MPH)
|
|
Batting: LHB John Milner
|
0-0: Called Strike Frank White steals 2nd base 0-1: Ball 1-1: Foul Ball, location: 2F 1-2: Strikes out swinging
|
|
Batting: SHB Jon Hernandez
|
0-0: Ball 1-0: Foul Ball, location: 2F 1-1: Foul Ball, location: 2F 1-2: Ball 2-2: Ball 3-2: Foul Ball, location: 2F 3-2: Fly out, F9 (Flyball, 9S, EV 94.4 MPH)
|
|
Batting: LHB Jason D Thompson
|
0-0: Ball 1-0: Fly out, F5 (Popup, 5SF, EV 83.1 MPH)
|
| Top of the 1st over - 0 runs, 1 hit, 0 errors, 1 left on base; California 0 - Chicago 0 |
| BOTTOM OF THE 1ST |
|
Chicago White Sox batting - Pitching for California Angels : RHP Raimundo Michel
|
|
Pitching: RHP Raimundo Michel
|
|
|
Batting: SHB Ozzie Smith
|
0-0: Ball 1-0: Ball 2-0: Ball 3-0: Called Strike 3-1: Foul Ball, location: 2F 3-2: Base on Balls
|
|
Batting: LHB Rudy Law
|
0-0: Called Strike 0-1: Ball 1-1: Ball 2-1: Fielders Choice at 2nd, 1-6 (Groundball, P, EV 70.0 MPH)
|
|
Batting: RHB Mike Heath
|
0-0: Ball Rudy Law is caught stealing 2nd base 2-4 1-0: Ball 2-0: Ball 3-0: Base on Balls
|
|
Batting: LHB Mitchell Page
|
0-0: Ball 1-0: Called Strike 1-1: Ground out 4-3 (Groundball, 4, EV 103.8 MPH)
|
| Bottom of the 1st over - 0 runs, 0 hits, 0 errors, 1 left on base; California 0 - Chicago 0 |
| TOP OF THE 2ND |
|
California Angels batting - Pitching for Chicago White Sox : RHP Pete Vuckovich
|
|
Batting: RHB Jeff Atherton
|
0-0: Fly out, F4 (Line Drive, 4, EV 69.4 MPH)
|
|
Batting: LHB Brian Rosinski
|
0-0: Called Strike 0-1: Foul Ball, location: 2F 0-2: Ball 1-2: Strikes out swinging
|
|
Batting: SHB Ignacio Medina
|
0-0: Ball 1-0: Called Strike 1-1: Swinging Strike 1-2: Ball 2-2: Ball 3-2: Fly out, F7 (Flyball, 78D, EV 109.4 MPH)
|
| Top of the 2nd over - 0 runs, 0 hits, 0 errors, 0 left on base; California 0 - Chicago 0 |
| BOTTOM OF THE 2ND |
|
Chicago White Sox batting - Pitching for California Angels : RHP Raimundo Michel
|
|
Batting: RHB Steve Henderson
|
0-0: Ball 1-0: Ball 2-0: Foul Ball, location: 2F 2-1: Foul Ball, location: 2F 2-2: Ball 3-2: Strikes out swinging
|
|
Batting: LHB Ryan MacFarland
|
0-0: Ball 1-0: Ball 2-0: Ball 3-0: Called Strike 3-1: Fly out, F7 (Flyball, 7LM, EV 106.9 MPH)
|
|
Batting: SHB Dwayne Taggart
|
0-0: Ball 1-0: Ball 2-0: SINGLE (Line Drive, 78S, EV 105.0 MPH)
|
|
Batting: RHB Bob Bailey
|
0-0: Called Strike 0-1: Foul Ball, location: 2F 0-2: Fly out, F5 (Line Drive, 5, EV 71.3 MPH)
|
| Bottom of the 2nd over - 0 runs, 1 hit, 0 errors, 1 left on base; California 0 - Chicago 0 |
| TOP OF THE 3RD |
|
California Angels batting - Pitching for Chicago White Sox : RHP Pete Vuckovich
|
|
Batting: RHB Carlos Pimentel
|
0-0: Ball 1-0: Foul Ball, location: 2F 1-1: Ball 2-1: Ball 3-1: SINGLE (Line Drive, 4D, EV 98.8 MPH)
|
|
Batting: RHB Mike Bishop
|
0-0: Foul Ball, location: 2F 0-1: Ball Wild Pitch! Carlos Pimentel to second 1-1: Fly out, F7 (Flyball, 7D, EV 92.5 MPH) Runner from 2nd tags up, SAFE at 3rd, no throw by LF
|
|
Batting: RHB Frank White
|
0-0: SINGLE (Groundball, 6D, EV 108.1 MPH) Carlos Pimentel scores
|
|
Batting: LHB John Milner
|
0-0: Ball Frank White steals 2nd base 1-0: Called Strike 1-1: Ball 2-1: Called Strike 2-2: Ball 3-2: Ground out 1-3 (Groundball, 34S, EV 73.8 MPH) Frank White to third
|
|
Pitching: LHP Gary Christophel
|
|
|
Batting: SHB Jon Hernandez
|
0-0: Reached on error, E6 (Groundball, 6D, EV 103.8 MPH) Frank White scores
|
|
Batting: LHB Jason D Thompson
|
0-0: Called Strike 0-1: Ball 1-1: Foul Ball, location: 2F 1-2: Strikes out swinging
|
| Top of the 3rd over - 2 runs, 2 hits, 1 error, 1 left on base; California 2 - Chicago 0 |
| BOTTOM OF THE 3RD |
|
Chicago White Sox batting - Pitching for California Angels : RHP Raimundo Michel
|
|
Batting: RHB Brian Harper
|
0-0: Fly out, F8 (Flyball, 8RD, EV 84.4 MPH)
|
|
Batting: SHB Ozzie Smith
|
0-0: Called Strike 0-1: Foul Ball, location: 2F 0-2: Fly out, F4 (Line Drive, 4, EV 72.5 MPH)
|
|
Batting: LHB Rudy Law
|
0-0: Foul Ball, location: 2F 0-1: Ground out 4-3 (Groundball, 4, EV 81.3 MPH)
|
| Bottom of the 3rd over - 0 runs, 0 hits, 0 errors, 0 left on base; California 2 - Chicago 0 |
| TOP OF THE 4TH |
|
California Angels batting - Pitching for Chicago White Sox : LHP Gary Christophel
|
|
Batting: RHB Jeff Atherton
|
0-0: Called Strike 0-1: Foul Ball, location: 2F 0-2: Ball 1-2: Ground out 5-3 (Groundball, 56S, EV 83.1 MPH)
|
|
Batting: LHB Brian Rosinski
|
0-0: Called Strike 0-1: Foul Ball, location: 2F 0-2: Ball 1-2: Strikes out looking
|
|
Batting: SHB Ignacio Medina
|
0-0: Called Strike 0-1: Foul Ball, location: 2F 0-2: Ball 1-2: Foul Ball, location: 2F 1-2: Ground out 5-3 (Groundball, 5L, EV 87.5 MPH)
|
| Top of the 4th over - 0 runs, 0 hits, 0 errors, 0 left on base; California 2 - Chicago 0 |
| BOTTOM OF THE 4TH |
|
Chicago White Sox batting - Pitching for California Angels : RHP Raimundo Michel
|
|
Batting: RHB Mike Heath
|
0-0: Ground out 5-3 (Groundball, 56S, EV 88.1 MPH)
|
|
Batting: LHB Mitchell Page
|
0-0: Called Strike 0-1: Called Strike 0-2: Ball 1-2: Strikes out swinging
|
|
Batting: RHB Steve Henderson
|
0-0: Hit by Pitch
|
|
Batting: LHB Ryan MacFarland
|
0-0: Ball Steve Henderson steals 2nd base (no throw) 1-0: Swinging Strike 1-1: SINGLE (Line Drive, 7LS, EV 90.6 MPH) Steve Henderson to third Runner from 3rd tries for Home, SAFE, throw by LF to home
|
|
Batting: SHB Dwayne Taggart
|
0-0: Ball 1-0: Foul Ball, location: 2F 1-1: Single, Error in OF, E8, batter to second base (Groundball, 6MD, EV 111.9 MPH) Ryan MacFarland to third
|
|
Batting: RHB Bob Bailey
|
0-0: Called Strike 0-1: Ball 1-1: Swinging Strike 1-2: Ball 2-2: Strikes out swinging
|
| Bottom of the 4th over - 1 run, 2 hits, 1 error, 2 left on base; California 2 - Chicago 1 |
| TOP OF THE 5TH |
|
California Angels batting - Pitching for Chicago White Sox : LHP Gary Christophel
|
|
Batting: RHB Carlos Pimentel
|
0-0: Ball 1-0: Foul Ball, location: 2F 1-1: Swinging Strike 1-2: Foul Ball, location: 2F 1-2: Ball 2-2: Ball 3-2: Foul Ball, location: 2F 3-2: Base on Balls
|
|
Batting: RHB Mike Bishop
|
0-0: Foul Ball, location: 2F 0-1: Swinging Strike 0-2: Foul Ball, location: 2F 0-2: Fly out, F8 (Flyball, 8RD, EV 91.3 MPH)
|
|
Batting: RHB Frank White
|
0-0: Called Strike 0-1: Called Strike 0-2: Fielders Choice at 2nd, 3-6 (Groundball, 34, EV 91.3 MPH)
|
|
Batting: LHB John Milner
|
0-0: Called Strike 0-1: Foul Ball, location: 2F 0-2: Foul Ball, location: 2F 0-2: Foul Ball, location: 2F 0-2: Ball 1-2: Strikes out swinging
|
| Top of the 5th over - 0 runs, 0 hits, 0 errors, 1 left on base; California 2 - Chicago 1 |
| BOTTOM OF THE 5TH |
|
Chicago White Sox batting - Pitching for California Angels : RHP Raimundo Michel
|
|
Pitching: LHP Tug McGraw
|
|
|
Batting: RHB Brian Harper
|
0-0: Foul Ball, location: 2F 0-1: Ground out 6-3 (Groundball, 6, EV 90.6 MPH)
|
|
Batting: SHB Ozzie Smith
|
0-0: Swinging Strike 0-1: Swinging Strike 0-2: Foul Ball, location: 2F 0-2: Ground out 6-3 (Groundball, 6, EV 81.3 MPH)
|
|
Batting: LHB Rudy Law
|
0-0: Called Strike 0-1: Ball 1-1: Foul Ball, location: 2F 1-2: Ball 2-2: Fly out, F2 (Popup, 25F, EV 86.9 MPH)
|
| Bottom of the 5th over - 0 runs, 0 hits, 0 errors, 0 left on base; California 2 - Chicago 1 |
| TOP OF THE 6TH |
|
California Angels batting - Pitching for Chicago White Sox : LHP Gary Christophel
|
|
Batting: SHB Jon Hernandez
|
0-0: Foul Ball, location: 2F 0-1: Ball 1-1: Swinging Strike 1-2: Strikes out looking
|
|
Batting: LHB Jason D Thompson
|
0-0: Ball 1-0: Ball 2-0: Foul Ball, location: 2F 2-1: Swinging Strike 2-2: Foul Ball, location: 2F 2-2: Ball 3-2: Fly out, F4 (Line Drive, 4, EV 66.9 MPH)
|
|
Pitching: RHP Dave Stewart
|
|
|
Batting: RHB Jeff Atherton
|
0-0: Ball 1-0: Ball 2-0: Ball 3-0: Called Strike 3-1: SINGLE (Line Drive, 89M, EV 107.5 MPH)
|
|
Batting: LHB Brian Rosinski
|
0-0: Ball 1-0: Swinging Strike 1-1: Swinging Strike 1-2: Strikes out looking
|
| Top of the 6th over - 0 runs, 1 hit, 0 errors, 1 left on base; California 2 - Chicago 1 |
| BOTTOM OF THE 6TH |
|
Chicago White Sox batting - Pitching for California Angels : LHP Tug McGraw
|
|
Batting: RHB Mike Heath
|
0-0: Ball 1-0: Fly out, F8 (Line Drive, 8LM, EV 98.8 MPH)
|
|
Batting: LHB Mitchell Page
|
0-0: Ball 1-0: Called Strike 1-1: Called Strike 1-2: Strikes out looking
|
|
Batting: RHB Steve Henderson
|
0-0: Ball 1-0: Called Strike 1-1: Ball 2-1: DOUBLE (Line Drive, 78M, EV 110.0 MPH)
|
|
Batting: LHB Ryan MacFarland
|
0-0: SINGLE (Line Drive, 6MD, EV 107.5 MPH) Steve Henderson to third Runner from 3rd tries for Home, SAFE, throw by CF to home
|
|
Batting: SHB Dwayne Taggart
|
0-0: SINGLE (Line Drive, 7LM, EV 90.6 MPH) Ryan MacFarland to second
|
|
Pinch Runner at 2nd Wayne Tolleson:
|
|
|
Batting: RHB Bob Bailey
|
0-0: Ball 1-0: Fly out, F7 (Line Drive, 7D, EV 106.9 MPH)
|
| Bottom of the 6th over - 1 run, 3 hits, 0 errors, 2 left on base; California 2 - Chicago 2 |
| TOP OF THE 7TH |
|
California Angels batting - Pitching for Chicago White Sox : RHP Dave Stewart
|
|
Now at 3B: Wayne Tolleson
|
|
|
Batting: SHB Ignacio Medina
|
0-0: Swinging Strike 0-1: Ground out 5-3 (Groundball, 56, EV 83.1 MPH)
|
|
Batting: RHB Carlos Pimentel
|
0-0: Called Strike 0-1: Called Strike 0-2: Strikes out swinging
|
|
Batting: RHB Mike Bishop
|
0-0: Ball 1-0: Ball 2-0: Called Strike 2-1: Fly out, F3 (Flyball, 3D, EV 79.4 MPH)
|
| Top of the 7th over - 0 runs, 0 hits, 0 errors, 0 left on base; California 2 - Chicago 2 |
| BOTTOM OF THE 7TH |
|
Chicago White Sox batting - Pitching for California Angels : LHP Tug McGraw
|
|
Batting: RHB Brian Harper
|
0-0: Ball 1-0: Called Strike 1-1: Ball 2-1: Ball 3-1: Foul Ball, location: 2F 3-2: Base on Balls
|
|
Pinch Hitting: RHB Jose Castro
|
0-0: Ball 1-0: Fly out, F5 (Popup, 5SF, EV 74.4 MPH)
|
|
Pinch Hitting: SHB Kevin King
|
0-0: Ball 1-0: Foul Ball, location: 2F 1-1: Foul Ball, location: 2F 1-2: Grounds into double play, 4-6-3 (Groundball, 4, EV 85.6 MPH)
|
| Bottom of the 7th over - 0 runs, 0 hits, 0 errors, 0 left on base; California 2 - Chicago 2 |
| TOP OF THE 8TH |
|
California Angels batting - Pitching for Chicago White Sox : RHP Dave Stewart
|
|
Now at SS: Jose Castro
|
|
|
Now in CF: Kevin King
|
|
|
Pinch Hitting: RHB Duke Hinds
|
0-0: Ball 1-0: Fly out, F8 (Line Drive, 8RD, EV 88.1 MPH)
|
|
Pinch Hitting: LHB Franklin Lopez
|
0-0: Ball 1-0: Ball 2-0: Ball 3-0: Called Strike 3-1: Swinging Strike 3-2: Strikes out swinging
|
|
Batting: SHB Jon Hernandez
|
0-0: Foul Ball, location: 2F 0-1: Foul Ball, location: 2F 0-2: Ball 1-2: Foul Ball, location: 2F 1-2: Foul Ball, location: 2F 1-2: Ground out 4-3 (Groundball, 4M, EV 111.3 MPH)
|
| Top of the 8th over - 0 runs, 0 hits, 0 errors, 0 left on base; California 2 - Chicago 2 |
| BOTTOM OF THE 8TH |
|
Chicago White Sox batting - Pitching for California Angels : LHP Tug McGraw
|
|
Now at 2B: Duke Hinds
|
|
|
Now in RF: Franklin Lopez
|
|
|
Pinch Hitting: RHB Tim Teufel
|
0-0: Ball 1-0: Ball 2-0: Called Strike 2-1: Called Strike 2-2: Fly out, F8 (Flyball, 8LD, EV 97.5 MPH)
|
|
Pitching: RHP LaMarr Hoyt
|
|
|
Pinch Hitting: RHB Jim Wynn
|
0-0: Called Strike 0-1: Ball 1-1: Ball 2-1: Ball 3-1: DOUBLE (Groundball, 5L, EV 105.6 MPH)
|
|
Pinch Hitting: RHB Mike A Marshall
|
0-0: Foul Ball, location: 2F 0-1: Swinging Strike 0-2: Strikes out looking
|
|
Batting: SHB Wayne Tolleson
|
0-0: Ball 1-0: Foul Ball, location: 2F 1-1: Swinging Strike 1-2: Ball 2-2: Ground out 3-1 (Groundball, 34, EV 106.3 MPH)
|
| Bottom of the 8th over - 0 runs, 1 hit, 0 errors, 1 left on base; California 2 - Chicago 2 |
| TOP OF THE 9TH |
|
California Angels batting - Pitching for Chicago White Sox : RHP Dave Stewart
|
|
Pitching: RHP Dave A Campbell
|
|
|
Now at 2B: Tim Teufel
|
|
|
Now in LF: Mike A Marshall
|
|
|
Now in RF: Jim Wynn
|
|
|
Batting: LHB Jason D Thompson
|
0-0: Foul Ball, location: 2F 0-1: Ball 1-1: Swinging Strike 1-2: Foul Ball, location: 2F 1-2: Foul Ball, location: 2F 1-2: Ball 2-2: Strikes out swinging
|
|
Pinch Hitting: RHB Rafael Ramirez
|
0-0: Foul Ball, location: 2F 0-1: Ball 1-1: DOUBLE (Line Drive, 3D, EV 98.1 MPH)
|
|
Pinch Hitting: LHB Ralph Garr
|
0-0: Called Strike 0-1: Ball 1-1: Ball 2-1: Fly out, F8 (Flyball, 8RD, EV 90.0 MPH) Runner from 2nd tags up, SAFE at 3rd with throw by CF
|
|
Pinch Hitting: RHB Dave L Stapleton
|
0-0: Called Strike 0-1: Foul Ball, location: 2F 0-2: Ball 1-2: Ground out 6-3 (Groundball, 6M, EV 79.4 MPH)
|
| Top of the 9th over - 0 runs, 1 hit, 0 errors, 1 left on base; California 2 - Chicago 2 |
| BOTTOM OF THE 9TH |
|
Chicago White Sox batting - Pitching for California Angels : RHP LaMarr Hoyt
|
|
Now at 3B: Dave L Stapleton
|
|
|
Now at SS: Rafael Ramirez
|
|
|
Now in LF: Ralph Garr
|
|
|
Pinch Hitting: LHB Steve Christmas
|
0-0: Called Strike 0-1: Ball 1-1: Foul Ball, location: 2F 1-2: SOLO HOME RUN (Flyball, 7LD, EV 88.8 MPH), Distance : 349 ft
|
| Bottom of the 9th over - 1 run, 1 hit, 0 errors, 0 left on base; California 2 - Chicago 3 |
|